 Dungeon Crawl Stone Soup version 0.31-a0-826-ga5cc291a1b (webtiles) character file.

Game seed: 12694937849698518036

26146 qw the Marksgargoyle (level 13, -7/82 HPs)
             Began as a Gargoyle Hunter on Sept 23, 2023.
             Was an Elder of Okawaru.
             Mangled by a yak (10 damage)
             ... led by a torpor snail
             ... on level 4 of the Lair of Beasts.
             The game lasted 00:09:46 (14101 turns).

qw the Marksgargoyle (Gargoyle Hunter)             Turns: 14101, Time: 00:09:47

Health: -7/82      AC:  7    Str: 13    XL:     13   Next: 24%
Magic:  0/20       EV: 27    Int: 14    God:    Okawaru [****..]
Gold:   974        SH:  0    Dex: 25    Spells: 12/12 levels left

rFire   x . .        Y - +1 orcbow
rCold   + . .        (shield currently unavailable)
rNeg    + . .        j - +1 troll leather armour {Snorg}
rPois   inf          e - +0 helmet
rElec   +            k - +0 cloak
rCorr   .            (no gloves)
SInv    .            g - +0 pair of boots
Will    .....        n - amulet "Hasyulok" {Spirit rF- Str-2 Int+3 Dex+8}
Stlth   ++++         a - +5 ring of evasion
HPRegen 1.13/turn    d - ring of protection from cold
MPRegen 0.17/turn

%: guardian spirit
@: about to teleport, heroic, corroded, slowed, very slow
A: sickness immunity, AC +9, negative energy resistance 1, electricity
resistance, torment resistance 1, petrification resistance
a: Renounce Religion, Heroism, Finesse


You were on level 4 of the Lair of Beasts.
You worshipped Okawaru.
Okawaru was greatly pleased with you.
You visited 2 branches of the dungeon, and saw 13 of its levels.
You also visited: Ossuary.

You collected 1058 gold pieces.
You spent 84 gold pieces at shops.


Innate Abilities, Weirdness & Mutations

You are immune to sickness and miasma.
Your stone body is resilient. (AC +9)
You are immune to poison.
You resist negative energy. (rN+)
You are resistant to electric shocks. (rElec)
You are resistant to unholy torment.
You are immune to petrification.


   Skills:
 - Level 10.0(15.0) Fighting
 - Level 16.0(21.0) Ranged Weapons
 - Level 5.4(10.4) Armour
 + Level 6.8(11.8) Dodging
 - Level 1.1(6.1) Stealth
 + Level 9.9 Invocations


You had 12 spell levels left.
You didn't know any spells.
Your spell library was empty.

Inventory:

Hand Weapons
 Y - a +1 orcbow (weapon)
Armour
 e - a +0 helmet (worn)
 g - a +0 pair of boots (worn)
 j - a +1 troll leather armour (worn) {Snorg}
 k - a +0 cloak (worn)
Jewellery
 a - a +5 ring of evasion (left hand)
 d - a ring of protection from cold (right hand)
 n - the amulet "Hasyulok" (around neck) {Spirit rF- Str-2 Int+3 Dex+8}
   (You found it on level 7 of the Dungeon)

   [amulet of guardian spirit]

   Spirit:    It causes incoming damage to be divided between your reserves of
   health and magic.
   Str-2:     It affects your strength (-2).
   Int+3:     It affects your intelligence (+3).
   Dex+8:     It affects your dexterity (+8).
   rF-:       It makes you vulnerable to fire.
 r - an amulet of magic regeneration
Wands
 q - a wand of digging (4)
Scrolls
 h - 5 scrolls of identify
Potions
 c - 3 potions of mutation
 f - 5 potions of haste
 i - 2 potions of might
 l - 2 potions of enlightenment
 m - 2 potions of resistance
 o - 4 potions of curing
 p - 2 potions of magic

Dungeon Overview and Level Annotations

Branches:
Dungeon (9/15)             Temple (0/1) D:6            Lair (4/5) D:9
  Swamp (0/4) Lair:3       Spider (0/4) Lair:3        Slime (0/5) Lair:4
    Orc (0/2) D:9         Ossuary (visited)

Altars:
Cheibriados
Dithmenos
Elyvilon
Hepliaklqana
Kikubaaqudgha
Nemelex Xobeh
Okawaru
Uskayaw
Jiyva

Shops:
D:3 *


Message History

The yak is lightly wounded.
The oklob plant spits acid at you. The splash of acid misses you.
The yak misses you.
You shoot an arrow. The arrow hits the torpor snail!
The torpor snail is moderately wounded.
The yak closely misses you. The torpor snail misses you.
You shoot an arrow.
The arrow hits the torpor snail but does no damage.
The torpor snail is moderately wounded.
You hear a bellow!
The yak barely misses you. The torpor snail closely misses you.
You hear a bellow!
Enter note:
Enter note:
Enter note:
Enter note:
14099 |||
Found retreat position at 4,-3 (floor) with 0 blocking monsters and 1 monsters attacking at destination at distance 5
14099 ||| Stepping ~*~*~tactically~*~*~ (retreating).
The yak attacks as it pursues you! The yak closely misses you.
The oklob plant spits acid at you. The splash of acid hits you!!
The acid corrodes you!
A yak comes into view.
The yak misses you.
The torpor snail attacks as it pursues you!
The torpor snail bites you!
The yak bellows!
Enter note:
Enter note:
Enter note:
Enter note:
14100 |||
Found retreat position at 4,-2 (floor) with 0 blocking monsters and 1 monsters attacking at destination at distance 4
14100 ||| READING scroll of teleportation.
As you read the scroll of teleportation, it crumbles to dust.
You feel strangely unstable. The yak gores you.
The torpor snail completely misses you.
You shoot an arrow. The arrow hits the torpor snail!
The torpor snail is heavily wounded.
You hear a bellow!
The yak gores you!
You die...

... ..........# .. ...P..
/..........# ......#....##
Y....#......##
Y..P.#.....#.# ####
......YY...#.# ##..#
.......#@}.#.###...#
#.....#Yw.#.##.#..#
#Y%.....###.#.######
##.....#...#.#...##.
......##..#'###.###########
...S.###.....####### #.
#..}.##....#...#.}.#### #.
#.....#.............#.###.
#}.>......}......<.}#....#


You could see a torpor snail, an oklob plant and 3 yaks.

Vanquished Creatures
  An eleionoma (Lair:3)
  Snorg (Lair:3)
  Fannar (Lair:1)
  2 boulder beetles (Lair:2)
  A skyshark (Lair:4)
  Pikel (D:7)
  2 wolf spiders (Lair:3)
  5 black mambas
  5 cane toads
  Jeremiah (D:9)
  A rime drake (Lair:2)
  Maggie (D:6)
  5 komodo dragons
  A polar bear (Lair:1)
  5 blink frogs
  2 jumping spiders (Lair:3)
  A culicivora (Lair:3)
  A shadow (D:9)
  7 wyverns
  32 yaks
  Grum (D:9)
  2 basilisks
  Edmund (D:6)
  15 water moccasins
  2 orc warriors
  2 ice beasts
  A sky beast (D:6)
  4 black bears
  4 centaurs
  An ogre (D:6)
  14 wolves
  2 phantoms (D:6)
  3 lemures (D:7)
  2 kobold brigands (D:9)
  Blork the orc (D:4)
  4 scorpions
  18 bullfrogs
  5 gnoll sergeants
  9 wights
  8 killer bees (D:9)
  A howler monkey (D:9)
  18 jellies
  3 hounds
  An orc priest (D:8)
  5 iguanas
  8 orc wizards
  8 mummies (Ossuary)
  9 adders
  14 gnolls
  3 white imps
  4 ufetubi
  5 worms
  2 dart slugs
  27 orcs
  11 bats
  5 endoplasms
  5 giant cockroaches
  6 goblins
  5 hobgoblins
  3 jackals (D:4)
  20 kobolds
  6 quokkas
  6 ball pythons
  5 frilled lizards
  2 hobgoblin zombies (Ossuary)
  4 kobold zombies (Ossuary)
  2 orc zombies (Ossuary)
  2 rats
365 creatures vanquished.

Vanquished Creatures (others)
  Psyche (D:9)
1 creature vanquished.

Grand Total: 366 creatures vanquished

Notes
Turn   | Place    | Note
-------+----------+-------------------------------------------
     0 | D:1      | qw the Gargoyle Hunter began the quest for the Orb.
     0 | D:1      | Reached XP level 1. HP: 12/12 MP: 1/1
     0 | D:1      | 0 ||| qw: Version: 0.3-a-83-gcd0e7d8
     0 | D:1      | 0 ||| qw: Game counter: 1862
     0 | D:1      | 0 ||| qw: Melee chars always use a shield: true
     0 | D:1      | 0 ||| qw: God list: Okawaru
     0 | D:1      | 0 ||| qw: Allow faded altars: false
     0 | D:1      | 0 ||| qw: Do Orc after clearing Dungeon:15 true
     0 | D:1      | 0 ||| qw: Do second Lair branch before Depths: true
     0 | D:1      | 0 ||| qw: Lair rune preference: random
     0 | D:1      | 0 ||| qw: Goals: Normal
     0 | D:1      | 0 ||| PLANNING D:1-11
    77 | D:1      | Reached XP level 2. HP: 17/17 MP: 2/2
   266 | D:1      | Reached XP level 3. HP: 21/21 MP: 3/3
   307 | D:1      | You fall into a shaft and drop 1 floor!
   313 | D:2      | 313 ||| UPGRADING to +0 ring mail.
   323 | D:2      | 323 ||| DROPPING +0 leather armour.
   324 | D:2      | 324 ||| READING 2 scrolls labelled NABLYASSIT.
   373 | D:2      | 373 ||| READING scroll labelled EDEUGH YRODON.
   374 | D:2      | 374 ||| READING scroll labelled VOLLAU VOKE.
   375 | D:2      | 375 ||| DROPPING scroll of butterflies.
   376 | D:2      | 376 ||| Stepping randomly (stuck).
   377 | D:2      | 377 ||| Stepping randomly (stuck).
   378 | D:2      | 378 ||| Stepping randomly (stuck).
   379 | D:2      | 379 ||| Stepping randomly (stuck).
   380 | D:2      | 380 ||| Stepping randomly (stuck).
   381 | D:2      | 381 ||| Stepping randomly (stuck).
   382 | D:2      | 382 ||| Stepping randomly (stuck).
   383 | D:2      | 383 ||| Stepping randomly (stuck).
   384 | D:2      | 384 ||| Stepping randomly (stuck).
   385 | D:2      | 385 ||| Stepping randomly (stuck).
   386 | D:2      | 386 ||| Stepping randomly (stuck).
   387 | D:2      | 387 ||| Stepping randomly (stuck).
   388 | D:2      | 388 ||| Stepping randomly (stuck).
   389 | D:2      | 389 ||| Stepping randomly (stuck).
   390 | D:2      | 390 ||| Stepping randomly (stuck).
   391 | D:2      | 391 ||| Stepping randomly (stuck).
   392 | D:2      | 392 ||| Stepping randomly (stuck).
   393 | D:2      | 393 ||| Stepping randomly (stuck).
   394 | D:2      | 394 ||| Stepping randomly (stuck).
   395 | D:2      | 395 ||| Stepping randomly (stuck).
   396 | D:2      | 396 ||| Stepping randomly (stuck).
   397 | D:2      | 397 ||| Stepping randomly (stuck).
   398 | D:2      | 398 ||| Stepping randomly (stuck).
   399 | D:2      | 399 ||| Stepping randomly (stuck).
   400 | D:2      | 400 ||| Stepping randomly (stuck).
   401 | D:2      | 401 ||| Stepping randomly (stuck).
   402 | D:2      | 402 ||| Stepping randomly (stuck).
   403 | D:2      | 403 ||| Stepping randomly (stuck).
   404 | D:2      | 404 ||| Stepping randomly (stuck).
   405 | D:2      | 405 ||| Stepping randomly (stuck).
   407 | D:2      | 407 ||| Stepping randomly (stuck).
   408 | D:2      | 408 ||| Stepping randomly (stuck).
   409 | D:2      | 409 ||| Stepping randomly (stuck).
   410 | D:2      | 410 ||| Stepping randomly (stuck).
   411 | D:2      | 411 ||| Stepping randomly (stuck).
   412 | D:2      | 412 ||| Stepping randomly (stuck).
   413 | D:2      | 413 ||| Stepping randomly (stuck).
   414 | D:2      | 414 ||| Stepping randomly (stuck).
   415 | D:2      | 415 ||| Stepping randomly (stuck).
   416 | D:2      | 416 ||| Stepping randomly (stuck).
   417 | D:2      | 417 ||| Stepping randomly (stuck).
   418 | D:2      | 418 ||| Stepping randomly (stuck).
   419 | D:2      | 419 ||| Stepping randomly (stuck).
   420 | D:2      | 420 ||| Stepping randomly (stuck).
   421 | D:2      | 421 ||| Stepping randomly (stuck).
   422 | D:2      | 422 ||| Stepping randomly (stuck).
   423 | D:2      | 423 ||| Stepping randomly (stuck).
   424 | D:2      | 424 ||| Stepping randomly (stuck).
   425 | D:2      | 425 ||| Stepping randomly (stuck).
   426 | D:2      | 426 ||| Stepping randomly (stuck).
   427 | D:2      | 427 ||| Stepping randomly (stuck).
   428 | D:2      | 428 ||| READING scroll of teleportation.
   431 | D:2      | 431 ||| Stepping randomly (stuck).
   432 | D:2      | 432 ||| Stepping randomly (stuck).
   433 | D:2      | 433 ||| Stepping randomly (stuck).
   434 | D:2      | 434 ||| Stepping randomly (stuck).
   435 | D:2      | 435 ||| Stepping randomly (stuck).
   436 | D:2      | 436 ||| Stepping randomly (stuck).
   437 | D:2      | 437 ||| Stepping randomly (stuck).
   438 | D:2      | 438 ||| Stepping randomly (stuck).
   439 | D:2      | 439 ||| Stepping randomly (stuck).
   440 | D:2      | 440 ||| Stepping randomly (stuck).
   441 | D:2      | 441 ||| Stepping randomly (stuck).
   442 | D:2      | 442 ||| Stepping randomly (stuck).
   443 | D:2      | 443 ||| Stepping randomly (stuck).
   444 | D:2      | 444 ||| Stepping randomly (stuck).
   445 | D:2      | 445 ||| Stepping randomly (stuck).
   446 | D:2      | 446 ||| Stepping randomly (stuck).
   447 | D:2      | 447 ||| Stepping randomly (stuck).
   448 | D:2      | 448 ||| Stepping randomly (stuck).
   449 | D:2      | 449 ||| Stepping randomly (stuck).
   450 | D:2      | 450 ||| Stepping randomly (stuck).
   451 | D:2      | 451 ||| Stepping randomly (stuck).
   452 | D:2      | 452 ||| Stepping randomly (stuck).
   453 | D:2      | 453 ||| Stepping randomly (stuck).
   454 | D:2      | 454 ||| Stepping randomly (stuck).
   455 | D:2      | 455 ||| Stepping randomly (stuck).
   456 | D:2      | 456 ||| Stepping randomly (stuck).
   457 | D:2      | 457 ||| Stepping randomly (stuck).
   458 | D:2      | 458 ||| Stepping randomly (stuck).
   459 | D:2      | 459 ||| Stepping randomly (stuck).
   460 | D:2      | 460 ||| Stepping randomly (stuck).
   461 | D:2      | 461 ||| Stepping randomly (stuck).
   462 | D:2      | 462 ||| Stepping randomly (stuck).
   463 | D:2      | 463 ||| Stepping randomly (stuck).
   464 | D:2      | 464 ||| Stepping randomly (stuck).
   465 | D:2      | 465 ||| Stepping randomly (stuck).
   466 | D:2      | 466 ||| Stepping randomly (stuck).
   467 | D:2      | 467 ||| Stepping randomly (stuck).
   468 | D:2      | 468 ||| Stepping randomly (stuck).
   469 | D:2      | 469 ||| Stepping randomly (stuck).
   470 | D:2      | 470 ||| Stepping randomly (stuck).
   471 | D:2      | 471 ||| Stepping randomly (stuck).
   472 | D:2      | 472 ||| Stepping randomly (stuck).
   473 | D:2      | 473 ||| Stepping randomly (stuck).
   474 | D:2      | 474 ||| Stepping randomly (stuck).
   475 | D:2      | 475 ||| Stepping randomly (stuck).
   476 | D:2      | 476 ||| Stepping randomly (stuck).
   477 | D:2      | 477 ||| Stepping randomly (stuck).
   478 | D:2      | 478 ||| Stepping randomly (stuck).
   479 | D:2      | 479 ||| Stepping randomly (stuck).
   480 | D:2      | 480 ||| Stepping randomly (stuck).
   481 | D:2      | 481 ||| Stepping randomly (stuck).
   482 | D:2      | 482 ||| Stepping randomly (stuck).
   483 | D:2      | 483 ||| Stepping randomly (stuck).
   484 | D:2      | 484 ||| Stepping randomly (stuck).
   485 | D:2      | 485 ||| Stepping randomly (stuck).
   486 | D:2      | 486 ||| Stepping randomly (stuck).
   487 | D:2      | 487 ||| Stepping randomly (stuck).
   488 | D:2      | 488 ||| Stepping randomly (stuck).
   489 | D:2      | 489 ||| Stepping randomly (stuck).
   490 | D:2      | 490 ||| Stepping randomly (stuck).
   491 | D:2      | 491 ||| Stepping randomly (stuck).
   492 | D:2      | 492 ||| Stepping randomly (stuck).
   493 | D:2      | 493 ||| Stepping randomly (stuck).
   494 | D:2      | 494 ||| Stepping randomly (stuck).
   495 | D:2      | 495 ||| Stepping randomly (stuck).
   496 | D:2      | 496 ||| Stepping randomly (stuck).
   497 | D:2      | 497 ||| Stepping randomly (stuck).
   498 | D:2      | 498 ||| Stepping randomly (stuck).
   499 | D:2      | 499 ||| Stepping randomly (stuck).
   500 | D:2      | 500 ||| Stepping randomly (stuck).
   501 | D:2      | 501 ||| Stepping randomly (stuck).
   502 | D:2      | 502 ||| Stepping randomly (stuck).
   503 | D:2      | 503 ||| Stepping randomly (stuck).
   504 | D:2      | 504 ||| Stepping randomly (stuck).
   505 | D:2      | 505 ||| Stepping randomly (stuck).
   506 | D:2      | 506 ||| Stepping randomly (stuck).
   507 | D:2      | 507 ||| Stepping randomly (stuck).
   508 | D:2      | 508 ||| Stepping randomly (stuck).
   509 | D:2      | 509 ||| Stepping randomly (stuck).
   510 | D:2      | 510 ||| Stepping randomly (stuck).
   511 | D:2      | 511 ||| Stepping randomly (stuck).
   512 | D:2      | 512 ||| Stepping randomly (stuck).
   513 | D:2      | 513 ||| Stepping randomly (stuck).
   514 | D:2      | 514 ||| Stepping randomly (stuck).
   515 | D:2      | 515 ||| Stepping randomly (stuck).
   516 | D:2      | 516 ||| Stepping randomly (stuck).
   517 | D:2      | 517 ||| Stepping randomly (stuck).
   518 | D:2      | 518 ||| Stepping randomly (stuck).
   519 | D:2      | 519 ||| Stepping randomly (stuck).
   520 | D:2      | 520 ||| Stepping randomly (stuck).
   521 | D:2      | 521 ||| Stepping randomly (stuck).
   522 | D:2      | 522 ||| Stepping randomly (stuck).
   523 | D:2      | 523 ||| Stepping randomly (stuck).
   524 | D:2      | 524 ||| Stepping randomly (stuck).
   525 | D:2      | 525 ||| Stepping randomly (stuck).
   526 | D:2      | 526 ||| Stepping randomly (stuck).
   527 | D:2      | 527 ||| Stepping randomly (stuck).
   528 | D:2      | 528 ||| Stepping randomly (stuck).
   529 | D:2      | 529 ||| Stepping randomly (stuck).
   530 | D:2      | 530 ||| Stepping randomly (stuck).
   531 | D:2      | 531 ||| Stepping randomly (stuck).
   532 | D:2      | 532 ||| Stepping randomly (stuck).
   533 | D:2      | 533 ||| Stepping randomly (stuck).
   534 | D:2      | 534 ||| Stepping randomly (stuck).
   535 | D:2      | 535 ||| Stepping randomly (stuck).
   536 | D:2      | 536 ||| Stepping randomly (stuck).
   537 | D:2      | 537 ||| Stepping randomly (stuck).
   538 | D:2      | 538 ||| Stepping randomly (stuck).
   539 | D:2      | 539 ||| Stepping randomly (stuck).
   540 | D:2      | 540 ||| Stepping randomly (stuck).
   541 | D:2      | 541 ||| Stepping randomly (stuck).
   542 | D:2      | 542 ||| Stepping randomly (stuck).
   543 | D:2      | 543 ||| Stepping randomly (stuck).
   544 | D:2      | 544 ||| Stepping randomly (stuck).
   545 | D:2      | 545 ||| Stepping randomly (stuck).
   546 | D:2      | 546 ||| Stepping randomly (stuck).
   547 | D:2      | 547 ||| Stepping randomly (stuck).
   548 | D:2      | 548 ||| Stepping randomly (stuck).
   549 | D:2      | 549 ||| Stepping randomly (stuck).
   550 | D:2      | 550 ||| Stepping randomly (stuck).
   551 | D:2      | 551 ||| Stepping randomly (stuck).
   552 | D:2      | 552 ||| Stepping randomly (stuck).
   553 | D:2      | 553 ||| Stepping randomly (stuck).
   554 | D:2      | 554 ||| Stepping randomly (stuck).
   555 | D:2      | 555 ||| Stepping randomly (stuck).
   556 | D:2      | 556 ||| Stepping randomly (stuck).
   557 | D:2      | 557 ||| Stepping randomly (stuck).
   558 | D:2      | 558 ||| Stepping randomly (stuck).
   559 | D:2      | 559 ||| Stepping randomly (stuck).
   560 | D:2      | 560 ||| Stepping randomly (stuck).
   561 | D:2      | 561 ||| Stepping randomly (stuck).
   562 | D:2      | 562 ||| Stepping randomly (stuck).
   563 | D:2      | 563 ||| Stepping randomly (stuck).
   564 | D:2      | 564 ||| Stepping randomly (stuck).
   565 | D:2      | 565 ||| Stepping randomly (stuck).
   566 | D:2      | 566 ||| Stepping randomly (stuck).
   567 | D:2      | 567 ||| Stepping randomly (stuck).
   568 | D:2      | 568 ||| Stepping randomly (stuck).
   569 | D:2      | 569 ||| Stepping randomly (stuck).
   570 | D:2      | 570 ||| Stepping randomly (stuck).
   571 | D:2      | 571 ||| Stepping randomly (stuck).
   572 | D:2      | 572 ||| Stepping randomly (stuck).
   573 | D:2      | 573 ||| Stepping randomly (stuck).
   574 | D:2      | 574 ||| Stepping randomly (stuck).
   575 | D:2      | 575 ||| Stepping randomly (stuck).
   576 | D:2      | 576 ||| Stepping randomly (stuck).
   577 | D:2      | 577 ||| Stepping randomly (stuck).
   578 | D:2      | 578 ||| Stepping randomly (stuck).
   579 | D:2      | 579 ||| Stepping randomly (stuck).
   580 | D:2      | 580 ||| Stepping randomly (stuck).
   581 | D:2      | 581 ||| Stepping randomly (stuck).
   582 | D:2      | 582 ||| Stepping randomly (stuck).
   583 | D:2      | 583 ||| Stepping randomly (stuck).
   584 | D:2      | 584 ||| Stepping randomly (stuck).
   585 | D:2      | 585 ||| Stepping randomly (stuck).
   586 | D:2      | 586 ||| Stepping randomly (stuck).
   587 | D:2      | 587 ||| Stepping randomly (stuck).
   588 | D:2      | 588 ||| Stepping randomly (stuck).
   589 | D:2      | 589 ||| Stepping randomly (stuck).
   590 | D:2      | 590 ||| Stepping randomly (stuck).
   591 | D:2      | 591 ||| Stepping randomly (stuck).
   592 | D:2      | 592 ||| Stepping randomly (stuck).
   593 | D:2      | 593 ||| Stepping randomly (stuck).
   594 | D:2      | 594 ||| Stepping randomly (stuck).
   595 | D:2      | 595 ||| Stepping randomly (stuck).
   596 | D:2      | 596 ||| Stepping randomly (stuck).
   597 | D:2      | 597 ||| Stepping randomly (stuck).
   598 | D:2      | 598 ||| Stepping randomly (stuck).
   599 | D:2      | 599 ||| Stepping randomly (stuck).
   600 | D:2      | 600 ||| Stepping randomly (stuck).
   601 | D:2      | 601 ||| Stepping randomly (stuck).
   602 | D:2      | 602 ||| Stepping randomly (stuck).
   603 | D:2      | 603 ||| Stepping randomly (stuck).
   604 | D:2      | 604 ||| Stepping randomly (stuck).
   605 | D:2      | 605 ||| Stepping randomly (stuck).
   606 | D:2      | 606 ||| Stepping randomly (stuck).
   607 | D:2      | 607 ||| Stepping randomly (stuck).
   608 | D:2      | 608 ||| Stepping randomly (stuck).
   609 | D:2      | 609 ||| Stepping randomly (stuck).
   610 | D:2      | 610 ||| Stepping randomly (stuck).
   611 | D:2      | 611 ||| Stepping randomly (stuck).
   612 | D:2      | 612 ||| Stepping randomly (stuck).
   613 | D:2      | 613 ||| Stepping randomly (stuck).
   614 | D:2      | 614 ||| Stepping randomly (stuck).
   615 | D:2      | 615 ||| Stepping randomly (stuck).
   616 | D:2      | 616 ||| Stepping randomly (stuck).
   618 | D:2      | 618 ||| UPGRADING to +5 ring of evasion.
   619 | D:2      | 619 ||| Stepping randomly (stuck).
   620 | D:2      | 620 ||| Stepping randomly (stuck).
   621 | D:2      | 621 ||| Stepping randomly (stuck).
   622 | D:2      | 622 ||| Stepping randomly (stuck).
   623 | D:2      | 623 ||| Stepping randomly (stuck).
   624 | D:2      | 624 ||| Stepping randomly (stuck).
   625 | D:2      | 625 ||| Stepping randomly (stuck).
   626 | D:2      | 626 ||| Stepping randomly (stuck).
   627 | D:2      | 627 ||| Stepping randomly (stuck).
   628 | D:2      | 628 ||| Stepping randomly (stuck).
   629 | D:2      | 629 ||| Stepping randomly (stuck).
   630 | D:2      | 630 ||| Stepping randomly (stuck).
   631 | D:2      | 631 ||| Stepping randomly (stuck).
   632 | D:2      | 632 ||| Stepping randomly (stuck).
   633 | D:2      | 633 ||| Stepping randomly (stuck).
   634 | D:2      | 634 ||| Stepping randomly (stuck).
   635 | D:2      | 635 ||| Stepping randomly (stuck).
   636 | D:2      | 636 ||| Stepping randomly (stuck).
   637 | D:2      | 637 ||| Stepping randomly (stuck).
   638 | D:2      | 638 ||| Stepping randomly (stuck).
   639 | D:2      | 639 ||| Stepping randomly (stuck).
   640 | D:2      | 640 ||| Stepping randomly (stuck).
   641 | D:2      | 641 ||| Stepping randomly (stuck).
   642 | D:2      | 642 ||| Stepping randomly (stuck).
   643 | D:2      | 643 ||| Stepping randomly (stuck).
   644 | D:2      | 644 ||| Stepping randomly (stuck).
   645 | D:2      | 645 ||| Stepping randomly (stuck).
   646 | D:2      | 646 ||| Stepping randomly (stuck).
   647 | D:2      | 647 ||| Stepping randomly (stuck).
   648 | D:2      | 648 ||| Stepping randomly (stuck).
   649 | D:2      | 649 ||| Stepping randomly (stuck).
   650 | D:2      | 650 ||| Stepping randomly (stuck).
   651 | D:2      | 651 ||| Stepping randomly (stuck).
   652 | D:2      | 652 ||| Stepping randomly (stuck).
   653 | D:2      | 653 ||| Stepping randomly (stuck).
   654 | D:2      | 654 ||| Stepping randomly (stuck).
   655 | D:2      | 655 ||| Stepping randomly (stuck).
   656 | D:2      | 656 ||| Stepping randomly (stuck).
   657 | D:2      | 657 ||| Stepping randomly (stuck).
   658 | D:2      | 658 ||| Stepping randomly (stuck).
   659 | D:2      | 659 ||| Stepping randomly (stuck).
   660 | D:2      | 660 ||| Stepping randomly (stuck).
   661 | D:2      | 661 ||| Stepping randomly (stuck).
   662 | D:2      | 662 ||| Stepping randomly (stuck).
   663 | D:2      | 663 ||| Stepping randomly (stuck).
   664 | D:2      | 664 ||| Stepping randomly (stuck).
   665 | D:2      | 665 ||| Stepping randomly (stuck).
   666 | D:2      | 666 ||| Stepping randomly (stuck).
   667 | D:2      | 667 ||| Stepping randomly (stuck).
   668 | D:2      | 668 ||| Stepping randomly (stuck).
   669 | D:2      | 669 ||| Stepping randomly (stuck).
   670 | D:2      | 670 ||| Stepping randomly (stuck).
   671 | D:2      | 671 ||| Stepping randomly (stuck).
   672 | D:2      | 672 ||| Stepping randomly (stuck).
   673 | D:2      | 673 ||| Stepping randomly (stuck).
   674 | D:2      | 674 ||| Stepping randomly (stuck).
   675 | D:2      | 675 ||| Stepping randomly (stuck).
   676 | D:2      | 676 ||| Stepping randomly (stuck).
   677 | D:2      | 677 ||| Stepping randomly (stuck).
   678 | D:2      | 678 ||| Stepping randomly (stuck).
   679 | D:2      | 679 ||| Stepping randomly (stuck).
   680 | D:2      | 680 ||| Stepping randomly (stuck).
   681 | D:2      | 681 ||| Stepping randomly (stuck).
   682 | D:2      | 682 ||| Stepping randomly (stuck).
   683 | D:2      | 683 ||| Stepping randomly (stuck).
   684 | D:2      | 684 ||| Stepping randomly (stuck).
   685 | D:2      | 685 ||| Stepping randomly (stuck).
   686 | D:2      | 686 ||| Stepping randomly (stuck).
   687 | D:2      | 687 ||| Stepping randomly (stuck).
   688 | D:2      | 688 ||| Stepping randomly (stuck).
   689 | D:2      | 689 ||| Stepping randomly (stuck).
   690 | D:2      | 690 ||| Stepping randomly (stuck).
   691 | D:2      | 691 ||| Stepping randomly (stuck).
   692 | D:2      | 692 ||| Stepping randomly (stuck).
   693 | D:2      | 693 ||| Stepping randomly (stuck).
   694 | D:2      | 694 ||| Stepping randomly (stuck).
   695 | D:2      | 695 ||| Stepping randomly (stuck).
   696 | D:2      | 696 ||| Stepping randomly (stuck).
   697 | D:2      | 697 ||| Stepping randomly (stuck).
   698 | D:2      | 698 ||| Stepping randomly (stuck).
   699 | D:2      | 699 ||| Stepping randomly (stuck).
   700 | D:2      | 700 ||| Stepping randomly (stuck).
   701 | D:2      | 701 ||| Stepping randomly (stuck).
   702 | D:2      | 702 ||| Stepping randomly (stuck).
   703 | D:2      | 703 ||| Stepping randomly (stuck).
   704 | D:2      | 704 ||| Stepping randomly (stuck).
   705 | D:2      | 705 ||| Stepping randomly (stuck).
   706 | D:2      | 706 ||| Stepping randomly (stuck).
   707 | D:2      | 707 ||| Stepping randomly (stuck).
   708 | D:2      | 708 ||| Stepping randomly (stuck).
   709 | D:2      | 709 ||| Stepping randomly (stuck).
   710 | D:2      | 710 ||| Stepping randomly (stuck).
   711 | D:2      | 711 ||| Stepping randomly (stuck).
   712 | D:2      | 712 ||| Stepping randomly (stuck).
   713 | D:2      | 713 ||| Stepping randomly (stuck).
   714 | D:2      | 714 ||| Stepping randomly (stuck).
   715 | D:2      | 715 ||| Stepping randomly (stuck).
   716 | D:2      | 716 ||| Stepping randomly (stuck).
   717 | D:2      | 717 ||| Stepping randomly (stuck).
   718 | D:2      | 718 ||| Stepping randomly (stuck).
   719 | D:2      | 719 ||| Stepping randomly (stuck).
   720 | D:2      | 720 ||| Stepping randomly (stuck).
   721 | D:2      | 721 ||| Stepping randomly (stuck).
   722 | D:2      | 722 ||| Stepping randomly (stuck).
   723 | D:2      | 723 ||| Stepping randomly (stuck).
   724 | D:2      | 724 ||| Stepping randomly (stuck).
   725 | D:2      | 725 ||| Stepping randomly (stuck).
   726 | D:2      | 726 ||| Stepping randomly (stuck).
   727 | D:2      | 727 ||| Stepping randomly (stuck).
   728 | D:2      | 728 ||| Stepping randomly (stuck).
   729 | D:2      | 729 ||| Stepping randomly (stuck).
   730 | D:2      | 730 ||| Stepping randomly (stuck).
   731 | D:2      | 731 ||| Stepping randomly (stuck).
   732 | D:2      | 732 ||| Stepping randomly (stuck).
   733 | D:2      | 733 ||| Stepping randomly (stuck).
   734 | D:2      | 734 ||| Stepping randomly (stuck).
   735 | D:2      | 735 ||| Stepping randomly (stuck).
   736 | D:2      | 736 ||| Stepping randomly (stuck).
   737 | D:2      | 737 ||| Stepping randomly (stuck).
   738 | D:2      | 738 ||| Stepping randomly (stuck).
   739 | D:2      | 739 ||| Stepping randomly (stuck).
   740 | D:2      | 740 ||| Stepping randomly (stuck).
   741 | D:2      | 741 ||| Stepping randomly (stuck).
   742 | D:2      | 742 ||| Stepping randomly (stuck).
   743 | D:2      | 743 ||| Stepping randomly (stuck).
   744 | D:2      | 744 ||| Stepping randomly (stuck).
   750 | D:2      | 750 ||| Stepping randomly (stuck).
   751 | D:2      | 751 ||| Stepping randomly (stuck).
   752 | D:2      | 752 ||| Stepping randomly (stuck).
   753 | D:2      | 753 ||| Stepping randomly (stuck).
   754 | D:2      | 754 ||| Stepping randomly (stuck).
   756 | D:2      | 756 ||| Stepping randomly (stuck).
   757 | D:2      | 757 ||| Stepping randomly (stuck).
   758 | D:2      | 758 ||| Stepping randomly (stuck).
   759 | D:2      | 759 ||| Stepping randomly (stuck).
   760 | D:2      | 760 ||| Stepping randomly (stuck).
   761 | D:2      | 761 ||| Stepping randomly (stuck).
   762 | D:2      | 762 ||| Stepping randomly (stuck).
   763 | D:2      | 763 ||| Stepping randomly (stuck).
   764 | D:2      | 764 ||| Stepping randomly (stuck).
   765 | D:2      | 765 ||| Stepping randomly (stuck).
   766 | D:2      | 766 ||| Stepping randomly (stuck).
   767 | D:2      | 767 ||| Stepping randomly (stuck).
   768 | D:2      | 768 ||| Stepping randomly (stuck).
   769 | D:2      | 769 ||| Stepping randomly (stuck).
   770 | D:2      | 770 ||| Stepping randomly (stuck).
   771 | D:2      | 771 ||| Stepping randomly (stuck).
   772 | D:2      | 772 ||| Stepping randomly (stuck).
   773 | D:2      | 773 ||| Stepping randomly (stuck).
   774 | D:2      | 774 ||| Stepping randomly (stuck).
   775 | D:2      | 775 ||| Stepping randomly (stuck).
   776 | D:2      | 776 ||| Stepping randomly (stuck).
   777 | D:2      | 777 ||| Stepping randomly (stuck).
   778 | D:2      | 778 ||| Stepping randomly (stuck).
   779 | D:2      | 779 ||| Stepping randomly (stuck).
   780 | D:2      | 780 ||| Stepping randomly (stuck).
   781 | D:2      | 781 ||| Stepping randomly (stuck).
   782 | D:2      | 782 ||| Stepping randomly (stuck).
   783 | D:2      | 783 ||| Stepping randomly (stuck).
   784 | D:2      | 784 ||| Stepping randomly (stuck).
   785 | D:2      | 785 ||| Stepping randomly (stuck).
   786 | D:2      | 786 ||| Stepping randomly (stuck).
   787 | D:2      | 787 ||| Stepping randomly (stuck).
   788 | D:2      | 788 ||| Stepping randomly (stuck).
   789 | D:2      | 789 ||| Stepping randomly (stuck).
   790 | D:2      | 790 ||| Stepping randomly (stuck).
   791 | D:2      | 791 ||| Stepping randomly (stuck).
   792 | D:2      | 792 ||| Stepping randomly (stuck).
   793 | D:2      | 793 ||| Stepping randomly (stuck).
   794 | D:2      | 794 ||| Stepping randomly (stuck).
   795 | D:2      | 795 ||| Stepping randomly (stuck).
   796 | D:2      | 796 ||| Stepping randomly (stuck).
   797 | D:2      | 797 ||| Stepping randomly (stuck).
   798 | D:2      | 798 ||| Stepping randomly (stuck).
   799 | D:2      | 799 ||| Stepping randomly (stuck).
   800 | D:2      | 800 ||| Stepping randomly (stuck).
  1135 | D:2      | Reached skill level 1 in Armour
  1136 | D:2      | Reached skill level 5 in Ranged Weapons
  1327 | D:2      | Reached XP level 4. HP: 27/27 MP: 4/4
  1351 | D:2      | Reached skill level 3 in Fighting
  1625 | D:2      | 1625 ||| UPGRADING to ring of protection from cold.
  1626 | D:2      | 1626 ||| READING scroll labelled WUXIPIPIPH.
  1667 | D:3      | Found Neehihod's General Store.
  1684 | D:3      | 1684 ||| BUYING 2 scrolls of teleportation (84 gold).
  1684 | D:3      | Bought 2 scrolls of teleportation for 84 gold pieces
  1684 | D:3      | 1684 ||| SHOPLISTING ring of see invisible (210 gold, have
                  | 40).
  1684 | D:3      | 1684 ||| SHOPLISTING scarf of resistance (448 gold, have
                  | 40).
  1990 | D:3      | Identified the +1 robe of Discretion {rN+ Archmagi}
  2286 | D:3      | HP: 2/28 [iguana (11)]
  2287 | D:3      | 2287 ||| READING 3 scrolls of teleportation.
  2453 | D:3      | Reached XP level 5. HP: 32/32 MP: 5/5
  2462 | D:3      | 2462 ||| DROPPING +1 robe of Discretion {rN+ Archmagi}.
  2463 | D:3      | 2463 ||| READING scroll labelled YPSEZO UJAJO.
  2464 | D:3      | 2464 ||| READING 2 scrolls labelled DAOBEL URIELUXUS.
  2465 | D:3      | 2465 ||| DROPPING scroll of amnesia.
  2533 | D:4      | Reached skill level 6 in Ranged Weapons
  2641 | D:4      | Found an iron altar of Okawaru.
  2641 | D:4      | Found a hazy altar of Hepliaklqana.
  2642 | D:4      | 2642 ||| PLANNING OKAWARU WORSHIP
  2642 | D:4      | 2642 ||| DRINKING 2 bubbling ruby potions.
  2646 | D:4      | Found a sparkling altar of Nemelex Xobeh.
  2646 | D:4      | Found a white marble altar of Elyvilon.
  2650 | D:4      | Became a worshipper of Warmaster Okawaru
  2651 | D:4      | 2651 ||| PLANNING D:1-11
  2778 | D:4      | Noticed Blork the orc
  2786 | D:4      | Killed Blork the orc
  2787 | D:4      | Reached XP level 6. HP: 37/39 MP: 6/6
  2931 | D:4      | Found a shadowy altar of Dithmenos.
  3417 | D:4      | Found an ancient bone altar of Kikubaaqudgha.
  3539 | D:4      | 3539 ||| DRINKING 2 white potions.
  3540 | D:4      | 3540 ||| DRINKING 2 sedimented coppery potions.
  3541 | D:4      | 3541 ||| READING 3 scrolls of identify.
  3541 | D:4      | 3541 ||| IDENTIFYING sedimented silvery potion
  3561 | D:5      | Entered Level 5 of the Dungeon
  3582 | D:5      | Noticed a black bear
  3586 | D:5      | 3586 ||| RETREEAATING.
  3591 | D:5      | 3591 ||| Stepping ~*~*~tactically~*~*~ (retreating).
  3592 | D:5      | 3592 ||| Stepping ~*~*~tactically~*~*~ (retreating).
  3593 | D:5      | 3593 ||| STILL RETREEAATING.
  3600 | D:5      | Killed a black bear
  3612 | D:5      | Reached skill level 7 in Ranged Weapons
  3612 | D:5      | Reached XP level 7. HP: 29/44 MP: 7/7
  3652 | D:5      | Reached * piety under Okawaru
  3839 | D:5      | 3839 ||| DRINKING potion of curing.
  3839 | D:5      | 3839 ||| (to cure confusion)
  3841 | D:5      | 3841 ||| Stepping ~*~*~tactically~*~*~ (retreating).
  3842 | D:5      | 3842 ||| Stepping ~*~*~tactically~*~*~ (retreating).
  3845 | D:5      | 3845 ||| Stepping ~*~*~tactically~*~*~ (retreating).
  3846 | D:5      | 3846 ||| Stepping ~*~*~tactically~*~*~ (retreating).
  3854 | D:5      | Reached skill level 1 in Invocations
  3905 | D:5      | 3905 ||| INVOKING Heroism.
  3971 | D:5      | Identified the +8 hand axe "Mutymiow" {heavy, Fragile rPois
                  | rC+ Str+3}
  4098 | D:5      | 4098 ||| DRINKING potion of curing.
  4098 | D:5      | 4098 ||| (to cure confusion)
  4130 | D:5      | 4130 ||| INVOKING Heroism.
  4398 | D:5      | Reached skill level 8 in Ranged Weapons
  4558 | D:5      | 4558 ||| Stepping ~*~*~tactically~*~*~ (retreating).
  4579 | D:5      | HP: 10/44 [gnoll sergeant/+0 trident (5)]
  4580 | D:5      | 4580 ||| READING 2 scrolls of teleportation.
  4583 | D:5      | 4583 ||| INVOKING Heroism.
  4876 | D:5      | 4876 ||| READING scroll labelled IRUAFI XITHRUI.
  4877 | D:5      | 4877 ||| READING scroll labelled MUIPNIYKHLUT.
  4878 | D:5      | 4878 ||| READING 3 scrolls of identify.
  4878 | D:5      | 4878 ||| IDENTIFYING lumpy sapphire potion
  4879 | D:5      | 4879 ||| DROPPING potion of lignification.
  4901 | D:6      | 4901 ||| PLANNING SEWER
  4934 | D:6      | Reached XP level 8. HP: 43/49 MP: 9/9
  5020 | D:6      | Noticed Maggie
  5037 | D:6      | HP: 9/49 [Maggie/bolt of fire (7)]
  5038 | D:6      | 5038 ||| READING 2 scrolls of teleportation.
  5041 | D:6      | HP: 2/49 [Maggie/+0 long sword (3)]
  5239 | D:6      | HP: 10/49 [Maggie/bolt of fire (10)]
  5240 | D:6      | 5240 ||| READING scroll of teleportation.
  5585 | D:6      | 5585 ||| RIP SEWER
  5600 | D:6      | 5600 ||| PLANNING D:1-11
  5739 | D:6      | 5739 ||| INVOKING Heroism.
  5761 | D:6      | Killed Maggie
  5762 | D:6      | Reached skill level 9 in Ranged Weapons
  5762 | D:6      | Reached skill level 3 in Invocations
  5919 | D:6      | 5919 ||| INVOKING Heroism.
  6023 | D:6      | Noticed Edmund
  6024 | D:6      | 6024 ||| INVOKING Heroism.
  6051 | D:6      | 6051 ||| INVOKING Heroism.
  6054 | D:6      | Killed Edmund
  6055 | D:6      | Reached skill level 6 in Fighting
  6226 | D:6      | Found a staircase to the Ecumenical Temple.
  6309 | D:6      | Reached XP level 9. HP: 36/55 MP: 12/12
  6383 | D:6      | 6383 ||| INVOKING Heroism.
  6456 | D:6      | Reached skill level 10 in Ranged Weapons
  6464 | D:6      | 6464 ||| INVOKING Heroism.
  6549 | D:6      | Identified the staff "Enanaung" {rPois rCorr Str+4 Poison}
  6805 | D:6      | 6805 ||| UPGRADING to +0 acid dragon scales.
  6815 | D:6      | 6815 ||| DROPPING +0 ring mail.
  6816 | D:6      | 6816 ||| UPGRADING to +0 cloak.
  6821 | D:6      | 6821 ||| READING scroll labelled CAFAATYPSE.
  6822 | D:6      | 6822 ||| READING 3 scrolls of identify.
  6822 | D:6      | 6822 ||| IDENTIFYING grey potion
  6823 | D:6      | 6823 ||| DROPPING potion of ambrosia.
  6838 | D:7      | 6838 ||| PLANNING OSSUARY
  6914 | D:7      | Found a snail-covered altar of Cheibriados.
  6963 | D:7      | Found a sand-covered staircase.
  6964 | D:7      | 6964 ||| UPGRADING to +0 pair of boots.
  6977 | Ossuary  | Entered an ossuary
  7006 | Ossuary  | 7006 ||| INVOKING Heroism.
  7012 | Ossuary  | Reached skill level 3 in Armour
  7217 | Ossuary  | 7217 ||| READING scroll labelled TUCKYAK HOURO.
  7218 | Ossuary  | 7218 ||| DRINKING 2 silvery potions.
  7219 | Ossuary  | 7219 ||| READING 6 scrolls of identify.
  7219 | Ossuary  | 7219 ||| IDENTIFYING fuming green potion
  7220 | Ossuary  | 7220 ||| READING 5 scrolls of identify.
  7220 | Ossuary  | 7220 ||| IDENTIFYING viscous emerald potion
  7221 | Ossuary  | 7221 ||| READING 4 scrolls of identify.
  7221 | Ossuary  | 7221 ||| IDENTIFYING black potion
  7222 | Ossuary  | 7222 ||| DROPPING potion of berserk rage.
  7245 | D:7      | 7245 ||| PLANNING D:1-11
  7314 | D:7      | Identified the amulet "Hasyulok" {Spirit rF- Str-2 Int+3
                  | Dex+8}
  7513 | D:7      | 7513 ||| RETREEAATING.
  7514 | D:7      | 7514 ||| STILL RETREEAATING.
  7516 | D:7      | 7516 ||| STILL RETREEAATING.
  7517 | D:7      | 7517 ||| STILL RETREEAATING.
  7518 | D:7      | 7518 ||| STILL RETREEAATING.
  7519 | D:7      | 7519 ||| STILL RETREEAATING.
  7520 | D:7      | 7520 ||| RETREEAATING.
  7522 | D:7      | 7522 ||| Stepping ~*~*~tactically~*~*~ (retreating).
  7558 | D:7      | Reached skill level 3 in Dodging
  7587 | D:7      | Noticed Pikel
  7588 | D:7      | 7588 ||| INVOKING Heroism.
  7589 | D:7      | 7589 ||| RETREEAATING.
  7590 | D:7      | 7590 ||| STILL RETREEAATING.
  7591 | D:7      | 7591 ||| STILL RETREEAATING.
  7592 | D:7      | 7592 ||| STILL RETREEAATING.
  7593 | D:7      | 7593 ||| STILL RETREEAATING.
  7608 | D:7      | Killed Pikel
  7608 | D:7      | Reached ** piety under Okawaru
  7686 | D:7      | Reached skill level 11 in Ranged Weapons
  7916 | D:7      | 7916 ||| UPGRADING to amulet "Hasyulok" {Spirit rF- Str-2
                  | Int+3 Dex+8}.
  7921 | D:7      | 7921 ||| DROPPING ring of wizardry.
  7941 | D:8      | 7941 ||| STAIRDANCE
  8003 | D:8      | Noticed a +0 hand axe
  8004 | D:8      | Noticed a +0 dagger
  8007 | D:8      | Found a hide-covered altar of Uskayaw.
  8279 | D:8      | 8279 ||| INVOKING Heroism.
  8296 | D:8      | Reached XP level 10. HP: 62/63 MP: 11/13
  8313 | D:8      | 8313 ||| SWAPPING to +0 orcbow.
  8314 | D:8      | 8314 ||| DROPPING +0 shortbow.
  8343 | D:8      | 8343 ||| INVOKING Heroism.
  8472 | D:8      | 8472 ||| Stepping ~*~*~tactically~*~*~ (retreating).
  8473 | D:8      | 8473 ||| Stepping ~*~*~tactically~*~*~ (retreating).
  8474 | D:8      | 8474 ||| Stepping ~*~*~tactically~*~*~ (retreating).
  8875 | D:8      | 8875 ||| READING 5 scrolls of identify.
  8875 | D:8      | 8875 ||| IDENTIFYING sapphire potion
  8920 | D:9      | Noticed Jeremiah
  8922 | D:9      | 8922 ||| STAIRDANCE
  8947 | D:9      | 8947 ||| RETREEAATING.
  8950 | D:9      | 8950 ||| STILL RETREEAATING.
  8955 | D:9      | 8955 ||| INVOKING Heroism.
  8960 | D:9      | 8960 ||| STILL RETREEAATING.
  8961 | D:9      | 8961 ||| STILL RETREEAATING.
  8962 | D:9      | 8962 ||| STILL RETREEAATING.
  8965 | D:9      | 8965 ||| STILL RETREEAATING.
  8966 | D:9      | 8966 ||| STILL RETREEAATING.
  8972 | D:9      | 8972 ||| Stepping ~*~*~tactically~*~*~ (retreating).
  8973 | D:9      | 8973 ||| STILL RETREEAATING.
  8984 | D:9      | 8984 ||| INVOKING Heroism.
  8985 | D:9      | HP: 12/64 [Jeremiah/+4 trident of draining (6)]
  8986 | D:9      | 8986 ||| READING 2 scrolls of teleportation.
  8987 | D:9      | 8987 ||| DRINKING potion of heal wounds.
  8989 | D:9      | 8989 ||| Stepping ~*~*~tactically~*~*~ (retreating).
  8990 | D:9      | 8990 ||| Stepping ~*~*~tactically~*~*~ (retreating).
  8991 | D:9      | 8991 ||| Stepping ~*~*~tactically~*~*~ (retreating).
  8992 | D:9      | 8992 ||| Stepping ~*~*~tactically~*~*~ (retreating).
  8993 | D:9      | 8993 ||| Stepping ~*~*~tactically~*~*~ (retreating).
  8994 | D:9      | 8994 ||| Stepping ~*~*~tactically~*~*~ (retreating).
  8995 | D:9      | 8995 ||| Stepping ~*~*~tactically~*~*~ (retreating).
  9003 | D:9      | 9003 ||| INVOKING Heroism.
  9018 | D:9      | 9018 ||| INVOKING Heroism.
  9039 | D:9      | Reached skill level 12 in Ranged Weapons
  9047 | D:9      | 9047 ||| INVOKING Heroism.
  9078 | D:9      | 9078 ||| INVOKING Heroism.
  9095 | D:9      | 9095 ||| INVOKING Heroism.
  9101 | D:9      | Noticed Grum
  9103 | D:9      | HP: 16/64 [Grum/+0 spear (13)]
  9104 | D:9      | 9104 ||| READING scroll of teleportation.
  9105 | D:9      | 9105 ||| Stepping ~*~*~tactically~*~*~ (retreating).
  9107 | D:9      | Found a staircase to the Lair.
  9110 | D:9      | 9110 ||| Stepping ~*~*~tactically~*~*~ (retreating).
  9111 | D:9      | 9111 ||| Stepping ~*~*~tactically~*~*~ (retreating).
  9112 | D:9      | 9112 ||| Stepping ~*~*~tactically~*~*~ (retreating).
  9113 | D:9      | 9113 ||| Stepping ~*~*~tactically~*~*~ (retreating).
  9114 | D:9      | 9114 ||| Stepping ~*~*~tactically~*~*~ (retreating).
  9115 | D:9      | 9115 ||| Stepping ~*~*~tactically~*~*~ (retreating).
  9115 | D:9      | HP: 15/64 [wolf[Grum] (3)]
  9116 | D:9      | 9116 ||| Stepping ~*~*~tactically~*~*~ (retreating).
  9117 | D:9      | 9117 ||| Stepping ~*~*~tactically~*~*~ (retreating).
  9119 | D:9      | HP: 7/64 [wolf[Grum] (3)]
  9126 | D:9      | Killed Grum
  9138 | D:9      | 9138 ||| INVOKING Heroism.
  9354 | D:9      | Noticed Psyche
  9355 | D:9      | 9355 ||| RETREEAATING.
  9356 | D:9      | 9356 ||| STILL RETREEAATING.
  9357 | D:9      | 9357 ||| STILL RETREEAATING.
  9358 | D:9      | 9358 ||| STILL RETREEAATING.
  9359 | D:9      | 9359 ||| STILL RETREEAATING.
  9360 | D:9      | 9360 ||| STILL RETREEAATING.
  9361 | D:9      | 9361 ||| STILL RETREEAATING.
  9362 | D:9      | 9362 ||| STILL RETREEAATING.
  9363 | D:9      | 9363 ||| STILL RETREEAATING.
  9364 | D:9      | 9364 ||| STILL RETREEAATING.
  9365 | D:9      | 9365 ||| STILL RETREEAATING.
  9366 | D:9      | 9366 ||| STILL RETREEAATING.
  9367 | D:9      | 9367 ||| STILL RETREEAATING.
  9368 | D:9      | 9368 ||| STILL RETREEAATING.
  9369 | D:9      | 9369 ||| INVOKING Heroism.
  9370 | D:9      | 9370 ||| DRINKING 4 potions of curing.
  9370 | D:9      | 9370 ||| (to cure confusion)
  9371 | D:9      | 9371 ||| STILL RETREEAATING.
  9371 | D:9      | Killed Psyche
  9372 | D:9      | 9372 ||| STILL RETREEAATING.
  9375 | D:9      | Reached XP level 11. HP: 52/68 MP: 1/14
  9378 | D:9      | Reached skill level 13 in Ranged Weapons
  9400 | D:9      | 9400 ||| INVOKING Heroism.
  9410 | D:9      | Killed Jeremiah
  9514 | D:9      | 9514 ||| RETREEAATING.
  9515 | D:9      | 9515 ||| Stepping ~*~*~tactically~*~*~ (retreating).
  9518 | D:9      | Reached *** piety under Okawaru
  9525 | D:9      | 9525 ||| INVOKING Heroism.
  9528 | D:9      | Reached skill level 9 in Fighting
  9528 | D:9      | 9528 ||| Stepping ~*~*~tactically~*~*~ (retreating).
  9537 | D:9      | 9537 ||| Stepping ~*~*~tactically~*~*~ (retreating).
  9538 | D:9      | 9538 ||| Stepping ~*~*~tactically~*~*~ (retreating).
  9539 | D:9      | 9539 ||| Stepping ~*~*~tactically~*~*~ (retreating).
  9540 | D:9      | 9540 ||| Stepping ~*~*~tactically~*~*~ (retreating).
  9541 | D:9      | 9541 ||| Stepping ~*~*~tactically~*~*~ (retreating).
  9542 | D:9      | 9542 ||| Stepping ~*~*~tactically~*~*~ (retreating).
  9543 | D:9      | 9543 ||| Stepping ~*~*~tactically~*~*~ (retreating).
  9544 | D:9      | 9544 ||| Stepping ~*~*~tactically~*~*~ (retreating).
  9549 | D:9      | 9549 ||| INVOKING Heroism.
  9550 | D:9      | 9550 ||| Stepping ~*~*~tactically~*~*~ (retreating).
  9551 | D:9      | 9551 ||| Stepping ~*~*~tactically~*~*~ (retreating).
  9552 | D:9      | 9552 ||| Stepping ~*~*~tactically~*~*~ (retreating).
  9553 | D:9      | 9553 ||| Stepping ~*~*~tactically~*~*~ (retreating).
  9627 | D:9      | Found a staircase to the Orcish Mines.
 10235 | D:9      | 10235 ||| PLANNING LAIR
 10235 | D:9      | 10235 ||| READING 2 scrolls labelled SEVONE LIJI.
 10236 | D:9      | 10236 ||| READING scroll of enchant armour.
 10236 | D:9      | 10236 ||| ENCHANTING +0 acid dragon scales.
 10237 | D:9      | 10237 ||| DRINKING 2 fizzy cyan potions.
 10238 | D:9      | 10238 ||| DROPPING potion of degeneration.
 10276 | Lair:1   | Entered Level 1 of the Lair of Beasts
 10284 | Lair:1   | 10284 ||| INVOKING Heroism.
 10291 | Lair:1   | 10291 ||| Stepping ~*~*~tactically~*~*~ (retreating).
 10292 | Lair:1   | 10292 ||| Stepping ~*~*~tactically~*~*~ (retreating).
 10294 | Lair:1   | 10294 ||| Stepping ~*~*~tactically~*~*~ (retreating).
 10314 | Lair:1   | 10314 ||| FLEEEEING.
 10315 | Lair:1   | 10315 ||| FLEEEEING.
 10316 | Lair:1   | 10316 ||| STAIRDANCE
 10318 | D:9      | 10318 ||| INVOKING Heroism.
 10405 | Lair:1   | 10405 ||| INVOKING Heroism.
 10406 | Lair:1   | 10406 ||| STAIRDANCE
 10421 | Lair:1   | 10421 ||| STAIRDANCE
 10425 | D:9      | 10425 ||| INVOKING Heroism.
 10446 | Lair:1   | 10446 ||| STAIRDANCE
 10453 | D:9      | 10453 ||| INVOKING Heroism.
 10477 | Lair:1   | 10477 ||| INVOKING Heroism.
 10479 | Lair:1   | 10479 ||| STAIRDANCE
 10494 | Lair:1   | 10494 ||| INVOKING Heroism.
 10495 | Lair:1   | 10495 ||| STAIRDANCE
 10525 | Lair:1   | 10525 ||| INVOKING Heroism.
 10529 | Lair:1   | Reached skill level 14 in Ranged Weapons
 10529 | Lair:1   | 10529 ||| STAIRDANCE
 10624 | Lair:1   | 10624 ||| INVOKING Heroism.
 10630 | Lair:1   | 10630 ||| RETREEAATING.
 10664 | Lair:1   | 10664 ||| RETREEAATING.
 10667 | Lair:1   | 10667 ||| STILL RETREEAATING.
 10669 | Lair:1   | 10669 ||| Stepping ~*~*~tactically~*~*~ (retreating).
 10678 | Lair:1   | 10678 ||| INVOKING Heroism.
 10710 | Lair:1   | 10710 ||| INVOKING Heroism.
 10733 | Lair:1   | Reached **** piety under Okawaru
 10884 | Lair:1   | 10884 ||| INVOKING Heroism.
 10895 | Lair:1   | Reached XP level 12. HP: 77/77 MP: 13/15
 10933 | Lair:1   | 10933 ||| RETREEAATING.
 10934 | Lair:1   | 10934 ||| STILL RETREEAATING.
 10935 | Lair:1   | 10935 ||| STILL RETREEAATING.
 10936 | Lair:1   | 10936 ||| STILL RETREEAATING.
 10937 | Lair:1   | 10937 ||| STILL RETREEAATING.
 10938 | Lair:1   | 10938 ||| STILL RETREEAATING.
 10956 | Lair:1   | Reached skill level 15 in Ranged Weapons
 11184 | Lair:1   | Noticed Fannar
 11185 | Lair:1   | 11185 ||| RETREEAATING.
 11187 | Lair:1   | 11187 ||| RETREEAATING.
 11189 | Lair:1   | 11189 ||| RETREEAATING.
 11190 | Lair:1   | 11190 ||| STILL RETREEAATING.
 11225 | Lair:1   | 11225 ||| INVOKING Heroism.
 11237 | Lair:1   | Killed Fannar
 11576 | Lair:1   | 11576 ||| DROPPING +6 ring of intelligence.
 11577 | Lair:1   | 11577 ||| READING scroll labelled UTUVYOFYTI.
 11578 | Lair:1   | 11578 ||| READING scroll labelled NOCWIU KUNLE.
 11616 | Lair:2   | 11616 ||| STAIRDANCE
 11830 | Lair:2   | You fall into a shaft and drop 1 floor!
 11836 | Lair:3   | Reached skill level 6 in Invocations
 11882 | Lair:3   | Noticed Snorg
 11883 | Lair:3   | 11883 ||| INVOKING Heroism.
 11908 | Lair:3   | Killed Snorg
 11909 | Lair:3   | Reached skill level 6 in Dodging
 11975 | Lair:3   | 11975 ||| UPGRADING to +1 troll leather armour {Snorg}.
 11985 | Lair:3   | 11985 ||| DROPPING +1 acid dragon scales.
 11986 | Lair:3   | 11986 ||| DROPPING +2 robe of cold resistance.
 11987 | Lair:3   | 11987 ||| READING 6 scrolls of identify.
 11987 | Lair:3   | 11987 ||| IDENTIFYING clear potion
 11988 | Lair:3   | 11988 ||| DROPPING potion of brilliance.
 12050 | Lair:2   | 12050 ||| RETREEAATING.
 12051 | Lair:2   | 12051 ||| STILL RETREEAATING.
 12052 | Lair:2   | 12052 ||| STILL RETREEAATING.
 12067 | Lair:2   | Reached ***** piety under Okawaru
 12124 | Lair:2   | Noticed a boulder beetle
 12125 | Lair:2   | 12125 ||| INVOKING Heroism.
 12126 | Lair:2   | 12126 ||| INVOKING Finesse.
 12139 | Lair:2   | 12139 ||| INVOKING Heroism.
 12155 | Lair:2   | Killed a boulder beetle
 12208 | Lair:2   | Noticed a boulder beetle
 12209 | Lair:2   | 12209 ||| INVOKING Heroism.
 12228 | Lair:2   | Killed a boulder beetle
 12978 | Lair:3   | Noticed an eleionoma
 12985 | Lair:3   | 12985 ||| INVOKING Heroism.
 12993 | Lair:3   | Killed an eleionoma
 13078 | Lair:3   | Found a staircase to the Swamp.
 13150 | Lair:3   | 13150 ||| RETREEAATING.
 13152 | Lair:3   | 13152 ||| RETREEAATING.
 13155 | Lair:3   | 13155 ||| Stepping ~*~*~tactically~*~*~ (retreating).
 13157 | Lair:3   | 13157 ||| INVOKING Heroism.
 13160 | Lair:3   | 13160 ||| Stepping ~*~*~tactically~*~*~ (retreating).
 13218 | Lair:3   | 13218 ||| INVOKING Heroism.
 13233 | Lair:3   | Found a hole to the Spider Nest.
 13270 | Lair:3   | Reached XP level 13. HP: 82/82 MP: 19/19
 13464 | Lair:3   | 13464 ||| UPGRADING to +0 helmet.
 13541 | Lair:4   | Reached skill level 16 in Ranged Weapons
 13541 | Lair:4   | Reached skill level 9 in Invocations
 13541 | Lair:4   | 13541 ||| STAIRDANCE
 13593 | Lair:4   | 13593 ||| INVOKING Heroism.
 13625 | Lair:4   | 13625 ||| INVOKING Heroism.
 13786 | Lair:4   | 13786 ||| INVOKING Heroism.
 13845 | Lair:4   | 13845 ||| RETREEAATING.
 13944 | Lair:4   | Found a staircase to the Slime Pits.
 13945 | Lair:4   | Found a viscous altar of Jiyva.
 14030 | Lair:4   | 14030 ||| INVOKING Heroism.
 14031 | Lair:4   | 14031 ||| INVOKING Finesse.
 14032 | Lair:4   | 14032 ||| FLEEEEING.
 14084 | Lair:4   | 14084 ||| INVOKING Heroism.
 14087 | Lair:4   | 14087 ||| RETREEAATING.
 14099 | Lair:4   | 14099 ||| Stepping ~*~*~tactically~*~*~ (retreating).
 14099 | Lair:4   | HP: 14/82 [oklob plant/splash of acid (17)]
 14099 | Lair:4   | HP: 1/82 [torpor snail (13)]
 14100 | Lair:4   | 14100 ||| READING scroll of teleportation.
 14101 | Lair:4   | Mangled by a yak

Levels and vault maps discovered:
D:1:      lightli_arrival_quake, layout_rooms, nicolae_titane
D:2:      minmay_chambers_of_twos, layout_rooms, st_stairs_10
D:3:      layout_loops_ring, serial_shops, shop, kennysheep_generic_room_15
D:4:      layout_layer_cave, lemuel_tele_altar, grunt_temple_overflow_open,
          marbit_many_paths, serial_park_tiny_pond, uniq_blork_the_orc
D:5:      layout_basic, lightli_minifort
D:6:      minmay_bubble_buster, layout_layer_cave,
          minmay_temple_entry_nine_rooms, gup_sewer_entry_glass, uniq_edmund,
          uniq_maggie
D:7:      layout_gridville, slow_altar_1, nicolae_ossuary_entry_ruins,
          minmay_misc_feat_enclosed, uniq_pikel
D:8:      layout_loops_corners, dancing_weapons_uskayaw
D:9:      layout_loops_cross, minmay_lair_entry_grove, david_orc_2,
          minmay_fractal_squares_5, uniq_jeremiah, uniq_psyche, uniq_grum
Lair:1:   layout_misc_corridors, grunt_megastairs_4, serial_bayou_shore_b,
          uniq_fannar
Lair:2:   layout_loops_ring
Lair:3:   layout_loops_ring, alex1729_swamp_entry_worm_eleionoma,
          spider_nest_entry_funnel_web, uniq_snorg
Lair:4:   gammafunk_mikee_crab_dinner, layout_cave_pods,
          minmay_slime_entry_jelly_boxes, lightli_volcano_entry_magma_tube,
          grunt_megastairs_1

Skill      XL: |  1  2  3  4  5  6  7  8  9 10 11 12 13 |
---------------+----------------------------------------+-----
Armour         | 1 2 3 4 5 |  5.4
Ranged Weapons | 5 6 7 8 9 11 12 14 15 16 | 16.0
Fighting       | 3 4 5 6 7 8 10 | 10.0
Invocations    | 1 4 8 9 |  9.9
Dodging        | 2 4 5 6 |  6.8
Stealth        | |  1.1

Action                     |  1- 3 |  4- 6 |  7- 9 | 10-12 | 13-15 || total
---------------------------+-------+-------+-------+-------+-------++-------
   Fire: Shortbow          |   128 |   178 |   671 |       |       ||   977
         Orcbow            |       |       |       |   878 |   135 ||  1013
 Invoke: Heroism           |       |       |    12 |    33 |     5 ||    50
         Finesse           |       |       |       |     1 |     1 ||     2
    Use: Scroll            |     4 |     5 |    12 |     8 |     1 ||    30
         Potion            |       |     3 |     3 |     3 |       ||     9
 Armour: Leather armour    |    14 |       |       |       |       ||    14
         Ring mail         |    12 |    49 |   178 |       |       ||   239
         Acid dragon scale |       |       |    44 |   179 |       ||   223
         Troll leather arm |       |       |       |    31 |    32 ||    63
  Dodge: Dodged            |    40 |    77 |   275 |   469 |    51 ||   912

Table legend:
 A = Non-vault XP
 B = Vault XP
 C = Vault XP percentage of total XP
 D = Non-vault monster count
 E = Vault monster count
 F = Vault count percentage of total count
                 A         B        C        D         E       F
            +---------+---------+-------+---------+---------+-------
      Total |   22271 |   15081 |  40.4 |     242 |     121 |  33.3
            +---------+---------+-------+---------+---------+-------
        D:1 |      44 |       0 |   0.0 |      26 |       0 |   0.0
        D:2 |      41 |      34 |  45.3 |      15 |      10 |  40.0
        D:3 |      45 |      39 |  46.4 |      12 |       2 |  14.3
        D:4 |     120 |      91 |  43.1 |      12 |       2 |  14.3
        D:5 |     603 |     141 |  19.0 |      22 |       5 |  18.5
        D:6 |     883 |    1083 |  55.1 |      15 |       9 |  37.5
        D:7 |     383 |     656 |  63.1 |      16 |       2 |  11.1
        D:8 |    1177 |       0 |   0.0 |      17 |       0 |   0.0
        D:9 |    4026 |    3618 |  47.3 |      47 |      33 |  41.2
     Lair:1 |    4215 |    4284 |  50.4 |      20 |      18 |  47.4
     Lair:2 |    4300 |       0 |   0.0 |      14 |       0 |   0.0
     Lair:3 |    2616 |    3804 |  59.3 |      14 |       7 |  33.3
     Lair:4 |    3818 |    1183 |  23.7 |      12 |      17 |  58.6
    Ossuary |       0 |     148 | 100.0 |       0 |      16 | 100.0
            +---------+---------+-------+---------+---------+-------
